 Dungeon Crawl Stone Soup version 0.29.0-5-ge4962eb29e (webtiles) character file.

Game seed: 12617104562223923236

11 Flugkiller the Trooper (level 2, 24/24 HPs)
             Began as a Minotaur Fighter on Aug 28, 2022.
             Was a Follower of Hepliaklqana.
             Quit the game on level 1 of the Dungeon.
             The game lasted 00:00:13 (358 turns).

Flugkiller the Trooper (Minotaur Fighter)            Turns: 358, Time: 00:00:13

Health: 24/24      AC:  7    Str: 20    XL:     2   Next: 13%
Magic:  1/1        EV:  9    Int:  5    God:    Hepliaklqana [*.....]
Gold:   36         SH:  4    Dex:  9    Spells: 1/1 levels left

rFire   . . .      SeeInvis .   a - +0 war axe
rCold   . . .      Faith    .   c - +0 buckler
rNeg    . . .      Spirit   .   b - +0 scale mail
rPois   .          Reflect  .   (helmet restricted)
rElec   .          Harm     .   (no cloak)
rCorr   .          Rampage  .   (no gloves)
Will    .....                   (no boots)
Stlth   ..........              (no amulet)
HPRegen 0.08/turn               (no ring)
MPRegen 0.07/turn               (no ring)

@: no status effects
A: reduced essence, horns 2, retaliatory headbutt
a: Renounce Religion, Recall Ancestor, Ancestor Identity


You were on level 1 of the Dungeon.
You worshipped Hepliaklqana.
Hepliaklqana was aware of your devotion.
You visited 1 branch of the dungeon, and saw 1 of its levels.

You collected 36 gold pieces.

Inventory:

Hand Weapons
 a - a +0 war axe (weapon)
Armour
 b - a +0 scale mail (worn)
 c - a +0 buckler (worn)
Scrolls
 e - a scroll of poison {unknown}
 f - a scroll of fog {unknown}
 g - a scroll of identify {unknown}
Potions
 d - a potion of might


   Skills:
 + Level 3.8 Fighting
 * Level 3.0 Axes
 + Level 3.8 Armour
 - Level 3.6 Shields


You had one spell level left.
You didn't know any spells.
Your spell library was empty.

Dungeon Overview and Level Annotations

Branches:
Dungeon (1/15)

Altars:
Hepliaklqana


Innate Abilities, Weirdness & Mutations

Your life essence is reduced to manifest your ancestor. (-10% HP)
You have a pair of horns on your head.
You reflexively headbutt those who attack you in melee.


Message History

No target in view!
No target in view!
No target in view!
Things that are here:
a +0 club; a goblin corpse An endoplasm comes into view.
The endoplasm quivers.
An endoplasm is nearby!
An endoplasm is nearby!
You hit the endoplasm. You headbutt the endoplasm.
You kill the endoplasm!
No target in view!
No target in view!
No target in view!
No target in view!
You now have 11 gold pieces.
You now have 18 gold pieces (gained 7).
A jackal comes into view.
The jackal barks!
A jackal comes into view.
There are monsters nearby!
There are monsters nearby!
A jackal comes into view.
You see here 5 gold pieces.
The jackal barks!
The jackal barely misses you.
You slash the jackal!
You kill the jackal!
The jackal bites you but does no damage.
You closely miss the jackal. Your headbutt misses the jackal.
You hit the jackal.
The jackal bites you but does no damage.
The jackal barely misses you.
The jackal bites you but does no damage.
The jackal barely misses you.
You slash the jackal!
You kill the jackal!
You barely miss the jackal. The jackal bites you.
The jackal bites you but does no damage.
You have reached level 2!
You closely miss the jackal. The jackal closely misses you.
You block the jackal's attack.
You closely miss the jackal. You block the jackal's attack.
The jackal closely misses you. You furiously retaliate!
You headbutt the jackal.
You kill the jackal!
Your Axes skill increases to level 3!
No target in view!
No target in view!
No target in view!
No target in view!
HP restored.
You now have 23 gold pieces (gained 5).
Things that are here:
a jackal corpse; a jackal corpse
Found a stone staircase leading down.
Found a ring mail.
You now have 36 gold pieces (gained 13).
Found a faded altar of an unknown god.
No target in view!
No target in view!
No target in view!
No target in view!
No target in view!
No target in view!
No target in view!
No target in view!
g - a scroll labelled MOTOZA RATIP
Found a sling.
A hobgoblin comes into view.
The hobgoblin shouts!
You barely miss the hobgoblin. You block the hobgoblin's attack.
You hit the hobgoblin but do no damage.
The hobgoblin hits you but does no damage.
The hobgoblin hits you.
You hit the hobgoblin.
The hobgoblin is heavily wounded.
The hobgoblin hits you.
You closely miss the hobgoblin.
The hobgoblin is heavily wounded.
The hobgoblin hits you but does no damage.
You hit the hobgoblin.
The hobgoblin is almost dead.
You block the hobgoblin's attack.
The hobgoblin hits you but does no damage.
You hit the hobgoblin.
You kill the hobgoblin!
No target in view!
No target in view!
A quokka comes into view.
There is a faded altar of an unknown god here.
You cannot tell which god this altar belongs to.
Convert to them anyway? [Y]es or [N]o only, please.
You cannot tell which god this altar belongs to.
Convert to them anyway?
Hepliaklqana accepts your prayer! Hepliaklqana welcomes you!
Hepliaklqana forms a fragment of your life essence into the memory of your ancestor, Ælfric!
You can now recall your ancestor.
You can now remember your ancestor's identity.
Are you sure you want to abandon this character and quit the game? (Confirm with "yes".)

# ♣♣♣ ♣♣♣ .... ..
..###########
....#####.##............
..r#.....#.####....#####
#.........#.###....#
.#.........#.##..[.#
#..)........#.#....#
#.....R≈....#.#....#
#....≈.@≈..........#
#.....≈≈....#.#....#
#...........#.#....#
.#.........#.#######
#.........#........#
##.#.....#..#####.##
##.#####.#.....#
##......###..##
######......#


You could see the friendly Ælfric the ancestor and a quokka (ally target).

Vanquished Creatures
  An endoplasm (D:1)
  A goblin (D:1)
  2 hobgoblins (D:1)
  3 jackals (D:1)
  A kobold (D:1)
8 creatures vanquished.

Notes
Turn   | Place    | Note
-------+----------+-------------------------------------------
     0 | D:1      | Flugkiller the Minotaur Fighter began the quest for the
                  | Orb.
     0 | D:1      | Reached XP level 1. HP: 19/19 MP: 0/0
   207 | D:1      | Reached XP level 2. HP: 24/27 MP: 1/1
   297 | D:1      | Found a faded altar of an unknown god.
   357 | D:1      | Prayed at the altar of an unknown god.
   357 | D:1      | Became a worshipper of Hepliaklqana the Forgotten
   357 | D:1      | Reached * piety under Hepliaklqana
   358 | D:1      | Quit the game

Illustrated notes

Levels and vault maps discovered:
D:1:      psy_arrival_wood_between_worlds, layout_basic,
          shapermc_ecumenical_altar_starsandcircs, feat_on_display

Skill      XL: |  1  2 |
---------------+-------+-----
Axes           | 3 |  3.0
Fighting       | |  3.8
Armour         | |  3.8
Shields        | |  3.6

Action                   || total
-------------------------++-------
Melee: War axe           ||    22
       Headbutt          ||     2
Armor: Scale mail        ||    10
Dodge: Dodged            ||    10
Block: Buckler           ||     7
